 Dungeon Crawl Stone Soup version 0.21.1-1-g345015fe64 (webtiles) character file.

36 JarielCorvus the Magician (level 3, 0/19 HPs)
             Began as a Deep Elf Wizard on June 19, 2018.
             Slain by a kobold
             ... wielding a +0 short sword
              (4 damage)
             ... on level 2 of the Dungeon.
             The game lasted 00:03:18 (1016 turns).

JarielCorvus the Magician (Deep Elf Wizard)         Turns: 1016, Time: 00:03:19

Health: 0/19       AC:  2    Str:  4    XL:     3   Next: 19%
Magic:  1/12       EV: 13    Int: 23    God:
Gold:   79         SH:  0    Dex: 13    Spells: 8/13 levels left

rFire    . . .     SeeInvis .   g - +0 dagger
rCold    . . .     Gourm    .   (no shield)
rNeg     . . .     Faith    .   a - +0 robe
rPois    .         Spirit   .   b - +0 hat
rElec    .         Reflect  .   (no cloak)
rCorr    .         Harm     .   (no gloves)
MR       .....                  (no boots)
Stlth    ++........             (no amulet)
HPRegen  0.06/turn              (no ring)
MPRegen  0.13/turn              (no ring)

@: no status effects
A: no striking features
a: no special abilities


You were on level 2 of the Dungeon.
You were not hungry.

You visited 1 branch of the dungeon, and saw 2 of its levels.

You collected 79 gold pieces.

Inventory:

Hand Weapons
 g - a +0 dagger (weapon)
Armour
 a - a +0 robe (worn)
 b - a +0 hat (worn)
Wands
 k - a wand of acid (11)
Scrolls
 e - 3 scrolls of identify
 h - a scroll of teleportation
Potions
 f - a potion of curing {unknown}
 i - a potion of invisibility {unknown}
 j - a potion of agility
Books
 c - a book of Minor Magic

   Spells                             Type                      Level
   a - Magic Dart                     Conjuration                  1
   b - Blink                          Translocation                2
   c - Call Imp                       Summoning                    2
   d - Slow                           Hexes                        2
   e - Conjure Flame                  Conjuration/Fire             3
   f - Mephitic Cloud                 Conjuration/Poison/Air       3
Comestibles
 d - 7 rations


   Skills:
 - Level 2.4 Dodging
 - Level 2.4 Stealth
 * Level 5.6 Spellcasting
 + Level 2.1 Conjurations
 - Level 1.1 Summonings
 - Level 1.1 Translocations


You had 8 spell levels left.
You knew the following spells:

 Your Spells              Type           Power        Failure   Level  Hunger
a - Magic Dart            Conj           ###.         3%          1    None
b - Blink                 Tloc           N/A          9%          2    None
c - Call Imp              Summ           ##......     9%          2    None


Dungeon Overview and Level Annotations

Branches:
Dungeon (2/15)

Altars:


Message History

Aiming: Magic Dart
Press: ? - help, Shift-Dir - straight line, f/p - rat
Aim: a rat The magic dart hits the rat.
You kill the rat!
You hit the frilled lizard but do no damage.
The frilled lizard barely misses you.
You barely miss the frilled lizard. The frilled lizard misses you.
You miss the frilled lizard.
The frilled lizard completely misses you.
You closely miss the frilled lizard. The frilled lizard bites you.
* * * LOW HITPOINT WARNING * * *
You hit the frilled lizard.
You kill the frilled lizard!
You barely miss the kobold. The kobold completely misses you.
You closely miss the kobold. The kobold misses you.
You hit the kobold but do no damage. The kobold hits you with a short sword.
* * * LOW HITPOINT WARNING * * *
You hit the kobold but do no damage. The kobold hits you with a short sword.
You die...

r. .> # # g#.# . #.
.#.##.# #.. .†..K.#
#..## ##....##
#...### ###......#
#.#...####g.........
#.......@Kw.####.###
##..#...##### #
#.#.### ###..(#
#.....## #.###..##
#. ##..### # ##...##
###..##


You could see a dart slug, a hobgoblin and a kobold.

Vanquished Creatures
  2 leopard geckos (D:1)
  3 bats
  A giant cockroach (D:1)
  8 goblins (D:1)
  6 hobgoblins
  3 jackals (D:2)
  A ball python (D:1)
  3 frilled lizards
  A kobold (D:1)
  2 rats
30 creatures vanquished.

Notes
Turn   | Place    | Note
-------+----------+-------------------------------------------
     0 | D:1      | JarielCorvus the Deep Elf Wizard began the quest for the Orb.
     0 | D:1      | Reached XP level 1. HP: 10/10 MP: 7/7
   244 | D:1      | Reached XP level 2. HP: 13/15 MP: 3/9
   248 | D:1      | Learned a level 2 spell: Blink
   251 | D:1      | Learned a level 2 spell: Call Imp
   264 | D:1      | Reached skill level 5 in Spellcasting
   985 | D:2      | Reached XP level 3. HP: 19/19 MP: 8/12
  1016 | D:2      | Slain by a kobold

Skill      XL: |  1  2 |
---------------+-------+-----
Spellcasting   | 5 |  5.6
Conjurations   | 2 |  2.1
Dodging        | |  2.4
Stealth        | |  2.4
Summonings     | |  1.1
Translocations | |  1.1

Action                   || total
-------------------------++-------
Melee: Unarmed           ||     9
       Dagger            ||    26
 Cast: Magic Dart        ||    66
  Use: Scroll            ||     4
       Potion            ||     1
Armor: Robe              ||     5
Dodge: Dodged            ||    31
